 Dungeon Sprint DCSS version 0.28-a0-1128-gb845255321 (webtiles) character file.

Game seed: 17885694379740136382

7454 LadyOphelia the Warrior (level 10, -4/115 HPs)
             Began as a Minotaur Berserker on Dec 12, 2021.
             Was the Champion of Trog.
             Slain by a catoblepas (20 damage)
             ... in the Dungeon (Sprint IX: "|||||||||||||||||||||||||||||").
             The game lasted 00:06:43 (1221 turns).

LadyOphelia the Warrior (Minotaur Berserker)        Turns: 1221, Time: 00:06:44

Health: -4/115     AC:  5    Str: 28    XL:     10   Next: 94%
Magic:  9/9        EV:  8    Int:  4    God:    Trog [******]
Gold:   0          SH:  0    Dex: 11    Spells: 9/9 levels left

rFire   . . .      SeeInvis .   t - +8 demon blade "Leech" {vamp, Harm Drain rN+}
rCold   . . .      Faith    .   (no shield)
rNeg    + . .      Spirit   .   b - +0 animal skin
rPois   .          Reflect  .   (helmet restricted)
rElec   .          Harm     +   (no cloak)
rCorr   .          Rampage  .   n - +0 pair of gloves
Will    .....      NoTele   +   (no boots)
Stlth   ++........              (no amulet)
HPRegen 0.29/turn               q - +2 ring of protection
MPRegen 0.11/turn               r - +3 ring of strength

@: petrifying, on berserk cooldown, invisible, very slow
A: horns 2, retaliatory headbutt, hooves 1, MP-powered wands
a: Renounce Religion, Berserk, Trog's Hand, Brothers in Arms


You were in the Dungeon.
You worshipped Trog.
Trog was exalted by your worship.
You visited 1 branch

Inventory:

Hand Weapons
 a - a +0 hand axe
 k - a +2 halberd of venom
 l - a +2 rapier of distortion
 m - a +2 scimitar of holy wrath
 t - the +8 demon blade "Leech" (weapon) {vamp, Harm Drain rN+}
   (You found it in the Dungeon)

   It heals its wielder for a portion of the damage dealt every time it strikes
   a living foe.
   rN:        It protects you from negative energy.
   Drain:     It drains your maximum health when unequipped.
   Harm:      It increases damage dealt and taken.
 w - a +3 executioner's axe
 x - a +7 antimagic battleaxe
Armour
 b - a +0 animal skin (worn)
 n - a +0 pair of gloves (worn)
 o - a +0 barding
 p - a +2 ring mail
Jewellery
 q - a +2 ring of protection (left hand)
 r - a +3 ring of strength (right hand)
Wands
 j - a wand of acid (10)
Scrolls
 h - 5 scrolls of blinking
 s - 2 scrolls of identify
 u - a scroll of fog
 v - 2 scrolls of enchant weapon
Potions
 d - 8 potions of heal wounds
 e - a potion of haste
 f - 4 potions of magic
 g - 2 potions of berserk rage
 i - 5 potions of curing


   Skills:
 * Level 19.5 Fighting
 + Level 9.5 Long Blades
 + Level 15.9(17.0) Axes
 + Level 10.2(14.3) Polearms
 + Level 6.9 Armour
 + Level 11.1 Dodging
 + Level 2.8 Stealth


You had 9 spell levels left.
You didn't know any spells.
Your spell library was empty.

Dungeon Overview and Level Annotations

Branches:
Dungeon (1/1)

Altars:
Cheibriados
Dithmenos
Elyvilon
Fedhas
Gozag
Hepliaklqana
Kikubaaqudgha
Makhleb
Nemelex Xobeh
Okawaru
Qazlal
Ru
Sif Muna
Trog
Uskayaw
Vehumet
Wu Jian
Xom
Yredelemnul
Zin
The Shining One
Beogh
Jiyva
Lugonu


Innate Abilities, Weirdness & Mutations

You have a pair of horns on your head.
You reflexively headbutt those who attack you in melee.
You have large cloven feet.
You expend magic power (3 MP) to strengthen your wands.


Message History

You slice the death yak!!
You feel better.
The death yak is almost dead.
The death yak gores you!
You slice the death yak!!
You feel better.
You kill the death yak!
Trog accepts your kill.
Your Long Blades skill increases to level 9!
Your Dodging skill increases to level 11!
You hit the catoblepas.
You feel better.
You kick the catoblepas!
You headbutt the catoblepas, but do no damage.
The catoblepas is lightly wounded.
You feel yourself speed up. The catoblepas barely misses you.
You furiously retaliate!
You headbutt the catoblepas, but do no damage.
The catoblepas gores you!!
You hit the catoblepas.
You feel better.
You kick the catoblepas, but do no damage.
You headbutt the catoblepas.
The catoblepas is moderately wounded.
You hit the catoblepas.
You feel better.
You kick the catoblepas. You headbutt the catoblepas!
The catoblepas is heavily wounded.
The catoblepas completely misses you.
You hit the catoblepas but do no damage.
You kick the catoblepas, but do no damage.
The catoblepas is heavily wounded.
The catoblepas breathes a plume of calcifying dust at you.
The blast of calcifying dust hits you.
You slash the catoblepas!
You feel better.
Your kick misses the catoblepas.
The catoblepas is severely wounded.
You are engulfed in calcifying dust.
The catoblepas closely misses you.
You hit the catoblepas.
You feel better.
You kick the catoblepas, but do no damage.
The catoblepas is severely wounded.
You are engulfed in calcifying dust.
The catoblepas gores you!!
* * * LOW HITPOINT WARNING * * *
You fade into invisibility!
You are slowing down.
The catoblepas gores you!!
You die...

▓▓▓▓▓▓▓▓▓▓▓▓▓▓▓▓▓▓▓▓▓▓▓▓▓▓▓▓▓▓▓▓▓
_________________'.?).....)'.....
▓▓▓▓▓▓▓▓▓▓▓▓▓▓▓▓▓▓▓▓▓▓▓▓▓▓▓▓▓▓▓▓▓
.................................
▓▓▓▓▓▓▓▓▓▓▓▓▓▓▓▓▓▓▓▓▓▓▓▓▓▓▓▓▓▓▓▓▓
.......'.††...§§@YYYY...
▓▓▓▓▓▓▓▓▓▓▓▓▓▓▓▓▓▓▓▓▓▓▓▓


You could see 2 death yaks, a catoblepas and a yak.

Vanquished Creatures
  A two-headed ogre (D)
  4 death yaks (D)
  A deep elf pyromancer (D)
  An ugly thing (D)
  An elephant (D)
  4 komodo dragons (D)
  A meliai (shapeshifter) (D)
  A polar bear (D)
  A wraith (D)
  A wyvern (D)
  2 yaks (D)
  An acid dragon (D)
  5 water moccasins (D)
  3 bullfrogs (D)
  2 scorpions (D)
  A howler monkey (D)
  An orc wizard (D)
  An iguana (D)
  An adder zombie (D)
  A worm (D)
  A bat skeleton (D)
  2 bat zombies (D)
  A goblin (D)
  A hobgoblin (D)
  A frilled lizard (D)
  A kobold (D)
  A rat (D)
42 creatures vanquished.

Vanquished Creatures (collateral kills)
  A komodo dragon (D)
  A water moccasin (D)
2 creatures vanquished.

Grand Total: 44 creatures vanquished

Notes
Turn   | Place    | Note
-------+----------+-------------------------------------------
     0 | D        | LadyOphelia the Minotaur Berserker began the quest for the
                  | Orb.
     0 | D        | Reached XP level 1. HP: 19/19 MP: 0/0
     8 | D        | Reached skill level 4 in Fighting
     8 | D        | Reached ** piety under Trog
    17 | D        | Noticed a scorpion
    17 | D        | Noticed an iguana
    17 | D        | Noticed a scorpion
    23 | D        | Killed a scorpion
    23 | D        | Reached *** piety under Trog
    24 | D        | Reached skill level 6 in Fighting
    24 | D        | Reached XP level 2. HP: 26/31 MP: 1/1
    24 | D        | Reached XP level 3. HP: 32/38 MP: 2/2
    27 | D        | Reached XP level 4. HP: 29/45 MP: 3/3
    32 | D        | Reached skill level 7 in Fighting
    37 | D        | Killed a scorpion
    38 | D        | Reached skill level 8 in Fighting
    38 | D        | Reached XP level 5. HP: 10/56 MP: 4/4
   363 | D        | Found a snail-covered altar of Cheibriados.
   363 | D        | Found a shadowy altar of Dithmenos.
   363 | D        | Found a white marble altar of Elyvilon.
   363 | D        | Found a blossoming altar of Fedhas.
   363 | D        | Found an opulent altar of Gozag.
   364 | D        | Found a hazy altar of Hepliaklqana.
   365 | D        | Found a viscous altar of Jiyva.
   366 | D        | Found an ancient bone altar of Kikubaaqudgha.
   367 | D        | Found a corrupted altar of Lugonu.
   368 | D        | Found a burning altar of Makhleb.
   369 | D        | Found a sparkling altar of Nemelex Xobeh.
   370 | D        | Found an iron altar of Okawaru.
   371 | D        | Found a stormy altar of Qazlal.
   372 | D        | Found a sacrificial altar of Ru.
   373 | D        | Found a shimmering blue altar of Sif Muna.
   374 | D        | Found a bloodstained altar of Trog.
   375 | D        | Found a hide-covered altar of Uskayaw.
   376 | D        | Found a radiant altar of Vehumet.
   377 | D        | Found an ornate altar of the Wu Jian Council.
   378 | D        | Found a shimmering altar of Xom.
   379 | D        | Found a basalt altar of Yredelemnul.
   380 | D        | Found a glowing silver altar of Zin.
   381 | D        | Found a glowing golden altar of the Shining One.
   423 | D        | Noticed a yak
   423 | D        | Noticed an acid dragon
   424 | D        | Reached **** piety under Trog
   429 | D        | Killed a yak
   430 | D        | Reached skill level 10 in Fighting
   430 | D        | Reached skill level 1 in Polearms
   430 | D        | Reached skill level 5 in Armour
   430 | D        | Reached skill level 5 in Dodging
   430 | D        | Reached XP level 6. HP: 67/67 MP: 5/5
   432 | D        | Killed an acid dragon
   433 | D        | Reached skill level 11 in Fighting
   433 | D        | Reached skill level 10 in Axes
   434 | D        | Reached ***** piety under Trog
   435 | D        | Reached skill level 12 in Fighting
   481 | D        | Noticed a two-headed ogre
   481 | D        | Noticed a deep elf pyromancer
   481 | D        | Noticed a harpy
   481 | D        | Noticed a brown ugly thing
   481 | D        | Noticed a wraith
   486 | D        | Noticed a meliai
   486 | D        | a harpy changed into a meliai
   488 | D        | Killed a two-headed ogre
   489 | D        | Reached skill level 14 in Fighting
   489 | D        | Reached skill level 1 in Stealth
   489 | D        | Reached XP level 7. HP: 63/81 MP: 6/6
   489 | D        | Reached XP level 8. HP: 70/89 MP: 7/7
   492 | D        | Killed a deep elf pyromancer
   493 | D        | Reached skill level 15 in Fighting
   494 | D        | Reached skill level 5 in Polearms
   495 | D        | Killed a meliai
   495 | D        | Received a gift from Trog
   501 | D        | Killed a brown ugly thing
   502 | D        | Reached skill level 16 in Fighting
   502 | D        | Reached XP level 9. HP: 46/100 MP: 8/8
   951 | D        | Found the +8 demon blade "Leech" {vamp, Harm Drain rN+}
   965 | D        | Gained mutation: You expend magic power (3 MP) to
                  | strengthen your wands. [potion of mutation]
   965 | D        | Gained mutation: You have large cloven feet. [potion of
                  | mutation]
   995 | D        | Noticed a komodo dragon
   995 | D        | Noticed a komodo dragon
   996 | D        | Noticed a polar bear
  1001 | D        | Killed a komodo dragon
  1004 | D        | Reached skill level 17 in Fighting
  1006 | D        | Noticed an elephant
  1008 | D        | Reached skill level 15 in Axes
  1010 | D        | Killed a komodo dragon
  1015 | D        | Killed a polar bear
  1016 | D        | Reached skill level 1 in Long Blades
  1020 | D        | Killed an elephant
  1020 | D        | Received a gift from Trog
  1168 | D        | Noticed a komodo dragon
  1168 | D        | Noticed a komodo dragon
  1170 | D        | Reached XP level 10. HP: 112/112 MP: 9/9
  1174 | D        | Reached skill level 18 in Fighting
  1175 | D        | Reached skill level 10 in Dodging
  1180 | D        | Reached skill level 5 in Long Blades
  1180 | D        | Reached ****** piety under Trog
  1184 | D        | Received a gift from Trog
  1197 | D        | Noticed a death yak
  1197 | D        | Noticed a death yak
  1197 | D        | Noticed a death yak
  1197 | D        | Noticed a death yak
  1197 | D        | Noticed a catoblepas
  1200 | D        | Noticed a death yak
  1200 | D        | Killed a death yak
  1200 | D        | Noticed a death yak
  1206 | D        | Killed a death yak
  1207 | D        | Reached skill level 19 in Fighting
  1209 | D        | Killed a death yak
  1210 | D        | Reached skill level 10 in Polearms
  1214 | D        | Killed a death yak
  1221 | D        | Slain by a catoblepas

Illustrated notes

Levels and vault maps discovered:
D:        linesprint [early_d, line_temple, items_1, d_10, items_2, lair_1,
          lair_end, items_3, orc_1, orc_end, items_4, d_15, swamp_1, shoals_1,
          snake_1, spider_1, d_20, vaults_1, items_5, swamp_end, shoals_end,
          snake_end, spider_end, vaults_end, d_27, items_6, zot_1, zot_end,
          crypt_end, forest_end, elf_end, slime_end, tomb_end, abyss_end,
          pan_hell_end]

Skill      XL: |  1  2  3  4  5  6  7  8  9 10 |
---------------+-------------------------------+-----
Fighting       | 6 8 10 14 16 17 19 | 19.5
Axes           | 7 8 9 12 14 15 | 15.9
Armour         | 3 4 5 6 |  6.9
Dodging        | 3 4 5 7 8 9 11 | 11.1
Polearms       | 1 4 6 8 10 | 10.2
Stealth        | 1 2 |  2.8
Long Blades    | 3 9 |  9.5

Action                   |  1- 3 |  4- 6 |  7- 9 | 10-12 || total
-------------------------+-------+-------+-------+-------++-------
Melee: Hand axe          |    15 |    11 |       |       ||    26
       Headbutt          |     3 |     7 |    11 |     9 ||    30
       Halberd           |       |    13 |    14 |       ||    27
       Demon blade       |       |       |    19 |    34 ||    53
       Kick              |       |       |     6 |    19 ||    25
Invok: Berserk           |       |     2 |     1 |     1 ||     4
       Trog's Hand       |       |       |     1 |       ||     1
       Brothers in Arms  |       |       |     1 |       ||     1
  Use: Potion            |       |     1 |     1 |     1 ||     3
Armor: Animal skin       |     2 |     1 |    10 |     2 ||    15
Dodge: Dodged            |    10 |    18 |    34 |    17 ||    79

Table legend: (Time is in decaauts)
 A = Elapsed time spent in this place.
 B = Non-inter-level travel time spent in this place.
 C = Inter-level travel time spent in this place.
 D = Time resting spent in this place.
 E = Time spent auto-exploring this place.
 F = Levels seen in this place.
 G = Mean time per level.
                   A        B        C        D        E       F      G
               +--------+--------+--------+--------+--------+-----+--------+
         Total |   1257 |   1257 |      0 |    865 |     53 |   1 | 1257.0 |
       Dungeon |   1257 |   1257 |      0 |    865 |     53 |   1 | 1257.0 |
               +--------+--------+--------+--------+--------+-----+--------+

Top non-repeatable levels by time:
       D: 1257 daAuts
